 Dungeon Crawl Stone Soup version 0.17-a0-1769-g54adf96 (webtiles) character file.

25818 4thArraOfDagon the Grappler (level 12, -18/115 HPs)
             Began as a Troll Chaos Knight on Sept 7, 2015.
             Was a High Priest of Cheibriados.
             Demolished by an orc knight
             ... wielding a +0 war axe
              (28 damage)
             ... on level 4 of the Orcish Mines.
             The game lasted 00:35:08 (5500 turns).

4thArraOfDagon the Grappler (Troll Chaos Knight)    Turns: 5500, Time: 00:35:09

Health: -18/115    AC: 10    Str: 32 (34) XL:     12   Next: 92%
Magic:  0/16       EV: 14    Int: 21 (23) God:    Cheibriados [*****.]
Gold:   992        SH: 11    Dex: 21 (24) Spells: 5 memorised, 2 levels left

rFire  . . .     SeeInvis .       - Unarmed
rCold  . . .     Clarity  .     a - +2 robe
rNeg   . . .     SustAt   .     L - +0 shield
rPois  +         Gourm    +     (helmet restricted)
rElec  .         Spirit   .     K - +2 cloak {rPois}
rCorr  .         Warding  .     (gloves unavailable)
rMut   +         Stasis   .     (boots unavailable)
MR     +....                    g - amulet of resist mutation
Stlth  ++........               H - +2 ring of dexterity (curse)
                                f - ring of protection from magic

@: about to teleport, very slow, somewhat resistant to hostile enchantments,
unstealthy
A: unfitting armour, claws 3, thin skeletal structure 1, deterioration 2, fast
metabolism 3, gourmand, sense surroundings 1, regeneration 2, shaggy fur 1,
tough skin 2
a: Bend Time, Temporal Distortion, Slouch, Step From Time, Renounce Religion


You were on level 4 of the Orcish Mines.
You worshipped Cheibriados.
Cheibriados was extremely pleased with you.
You were full.

You visited 3 branches of the dungeon, and saw 20 of its levels.

You collected 1277 gold pieces.
You spent 285 gold pieces at shops.

Inventory:

Hand weapons
 q - a +0 giant spiked club
Missiles
 Q - 2 large rocks (quivered)
Armour
 a - a +2 robe (worn)
 K - a +2 cloak of poison resistance (worn)
 L - a +0 shield (worn)
Jewellery
 f - a ring of protection from magic (left claw)
 g - an amulet of resist mutation (around neck)
 o - an uncursed ring of protection from fire
 t - an uncursed ring of see invisible
 H - a cursed +2 ring of dexterity (right claw)
 S - an uncursed amulet of regeneration {unknown}
 T - an uncursed ring of positive energy
Magical devices
 i - a wand of disintegration (20)
 x - a wand of flame (29)
 C - a wand of teleportation (4)
 E - a wand of digging (17)
 F - a wand of fireball (4)
 M - a wand of confusion (17)
 N - a wand of teleportation (3)
Scrolls
 c - a scroll of noise {unknown}
 d - 2 scrolls of recharging
 e - 4 scrolls of remove curse
 j - a scroll of holy word {unknown}
 s - a scroll of enchant armour {unknown}
 v - 3 scrolls of enchant weapon {unknown}
 y - 2 scrolls of magic mapping
 B - a scroll of vulnerability {unknown}
 I - a scroll of random uselessness {unknown}
 J - a scroll of summoning {unknown}
 O - a scroll of blinking {unknown}
 P - a scroll of fog {unknown}
 R - a scroll of identify
Potions
 k - 2 potions of magic
 n - a potion of curing
 p - 3 potions of degeneration {unknown}
 u - a potion of haste
 w - a potion of brilliance
 D - a potion of experience {unknown}
 G - a potion of poison {unknown}
Comestibles
 b - 9 bread rations
 h - 2 chunks of flesh
 l - 6 meat rations
 r - 2 beef jerkies
 z - 3 fruits
 A - 4 royal jellies


   Skills:
 - Level 6.4 Fighting
 + Level 7.0 Dodging
 * Level 4.3 Shields
 * Level 11.7 Unarmed Combat
 - Level 3.3 Spellcasting
 - Level 5.7 Translocations
 * Level 4.3 Transmutations
 * Level 5.2 Earth Magic
 + Level 7.0 Invocations


You had 2 spell levels left.
You knew the following spells:

 Your Spells              Type           Power        Failure   Level  Hunger
a - Apportation           Tloc           ####......   3%          1    None
b - Passage of Golubria   Tloc           N/A          34%         4    ####...
c - Blink                 Tloc           N/A          6%          2    ##.....
d - Statue Form           Trmt/Erth      ###......    100%        6    #######
e - Stoneskin             Trmt/Erth      ###.....     10%         2    ##.....


Dungeon Overview and Level Annotations

Branches:
Dungeon (15/15)            Temple (1/1) D:4            Lair (0/8) D:9
    Orc (4/4) D:11            Elf (0/3) Orc:4
 Vaults: D:13-14     Depths: D:15

Altars:
Ashenzari
Cheibriados
Elyvilon
Fedhas
Gozag
Kikubaaqudgha
Okawaru
Qazlal
Sif Muna
Trog
Vehumet
Yredelemnul
Beogh

Shops:
D:4 }   D:12 (*(   Orc:2 }

Annotations:
D:10 Ajdolov's ghost, powerful NaWz
D:11 exclusion: obsidian statue
D:14 Rupert


Innate Abilities, Weirdness & Mutations

You are too large for most types of armour.
You have claws for hands.
Your metabolism is lightning-fast.
You like to eat raw meat.
You heal very quickly.
You are covered in fur (AC +1).
You have very tough skin (AC +2).
You have a somewhat thin skeletal structure (Dex +2, Stealth).
Your body often deteriorates upon taking damage.
You passively map a small area around you.


Message History

Okay, then.
Unknown command.
Use which ability?
You warp the flow of time around you!
You feel somewhat less full.
Unknown command.
Unknown command.
Use which ability?
Okay, then.
Use which ability?
You warp the flow of time around you!
You feel somewhat less full.
Cheibriados reduces the support of your attributes as your movement quickens.
Unknown command.
Use which ability?
You warp the flow of time around you!
You feel somewhat less full.
Unknown command.
The orc knight shouts!
The orc knight roars a battlecry!
The orc warrior goes into a battle-frenzy!
The orc knight hits you with a war axe!!
You die...

, ... ##.............##.. ,
...###...............#.. .
#.#.#.#.#.#.#.#.#.#.#.. ,
,,...,.......o.........)....
, .....#o#.............)....
...................).(.(.. *
.#.#.#.#.#.#.#.#.#.#(#)#(. ,
, , ###.o...........).##) ,
, , ,,* ##@............##)[
, , ###.........####.) , *
###.....### #.. *
############). ##)#..##
#.#)[..) ###..... ##......
##.......


You could see an orc knight and 2 orc warriors.

Vanquished Creatures
  Maud (Orc:4)
  An orc warlord (Orc:2)
  The ghost of 4thArraOfDagon the Severer, a powerful DDBe of Trog (Orc:4)
  2 centaur warriors (D:14)
  A tengu warrior (D:13)
  An orc high priest (Orc:4)
  3 unseen horrors
  4 hill giants
  5 orc knights (Orc:4)
  A manticore (D:14)
  A cyclops (D:12)
  Maurice (D:11)
  2 centaur zombies
  2 komodo dragons
  2 kobold demonologists
  2 trolls
  A two-headed ogre (D:15)
  Grinder (D:6)
  2 wyverns
  A deep elf mage (D:15)
  3 yaks
  2 shadows
  A mottled dragon (D:15)
  2 hungry ghosts
  Edmund (D:6)
  3 hippogriffs
  2 wargs (Orc:2)
  2 water moccasins
  A black bear (D:11)
  18 orc warriors
  2 sky beasts
  10 ogres
  An ice beast (D:11)
  10 centaurs
  7 phantoms
  4 big kobolds
  7 giant frogs
  A wyvern zombie (D:8)
  3 killer bees (D:9)
  14 wights
  A spriggan skeleton (D:9)
  6 centaur skeletons
  3 crimson imps
  A jelly (D:9)
  3 hounds
  4 iguanas
  34 orc priests
  2 giant frog skeletons
  23 orc wizards
  2 hell rats (D:9)
  5 worker ants
  A hound zombie (D:7)
  3 adders
  A gnoll (D:8)
  An adder zombie (D:8)
  A worm (D:2)
  4 giant geckos
  121 orcs
  2 ball pythons
  2 giant cockroaches
  2 hobgoblins (D:1)
  2 jackals (D:7)
  13 kobolds
  A quokka (D:10)
  A giant newt (D:5)
  A goblin (D:1)
  3 rats
372 creatures vanquished.

Vanquished Creatures (others)
  A deep elf mage (D:9)
  An iguana (D:9)
2 creatures vanquished.

Grand Total: 374 creatures vanquished

Notes
Turn   | Place    | Note
--------------------------------------------------------------
     0 | D:1      | 4thArraOfDagon the Troll Chaos Knight began the quest for the Orb.
     0 | D:1      | Reached XP level 1. HP: 22/22 MP: 0/0
    62 | D:2      | Reached XP level 2. HP: 22/29 MP: 1/1
   158 | D:4      | Found Xasmid's Gadget Boutique.
   160 | D:4      | Noticed a giant frog
   171 | D:4      | XOM: potion effect (berserk rage)
   177 | D:4      | Reached XP level 3. HP: 36/36 MP: 2/2
   178 | D:4      | Killed a giant frog
   178 | D:4      | Reached skill level 4 in Unarmed Combat
   178 | D:4      | Reached XP level 4. HP: 45/45 MP: 3/3
   217 | D:4      | Found a stormy altar of Qazlal.
   217 | D:4      | Found a deep blue altar of Sif Muna.
   260 | D:4      | Found a staircase to the Ecumenical Temple.
   267 | Temple   | Entered the Ecumenical Temple
   275 | Temple   | Fell from the grace of Xom
   275 | Temple   | Became a worshipper of Cheibriados the Contemplative
   325 | D:5      | Entered Level 5 of the Dungeon
   342 | D:5      | Reached XP level 5. HP: 48/53 MP: 4/4
   362 | D:6      | Noticed a phantom
   366 | D:6      | Noticed an ogre
   372 | D:6      | Killed an ogre
   372 | D:6      | Reached skill level 1 in Invocations
   380 | D:6      | Reached skill level 5 in Unarmed Combat
   380 | D:6      | Reached XP level 6. HP: 32/61 MP: 5/5
   397 | D:6      | Killed a phantom
   406 | D:6      | Learned a level 1 spell: Apportation
   411 | D:6      | Learned a level 4 spell: Passage of Golubria
   491 | D:5      | Noticed an ogre
   514 | D:5      | Killed an ogre
   514 | D:5      | Reached skill level 1 in Translocations
   514 | D:5      | Reached XP level 7. HP: 51/68 MP: 7/7
   569 | D:6      | Noticed Edmund
   585 | D:6      | Killed Edmund
   665 | D:7      | XOM: noise
   702 | D:7      | Reached skill level 6 in Unarmed Combat
   702 | D:7      | Reached skill level 1 in Spellcasting
   727 | D:7      | Acquired Cheibriados's first power
   820 | D:8      | Reached XP level 8. HP: 78/78 MP: 8/8
   981 | D:6      | Noticed a wyvern
   987 | D:6      | Killed a wyvern
   990 | D:6      | XOM: mild Tloc miscast
  1031 | D:5      | Noticed a centaur
  1037 | D:5      | Killed a centaur
  1212 | D:8      | Reached skill level 7 in Unarmed Combat
  1280 | D:7      | Reached XP level 9. HP: 77/85 MP: 10/10
  1326 | D:6      | XOM: noise
  1329 | D:6      | Noticed an orc warrior
  1353 | D:6      | Noticed Grinder
  1365 | D:6      | Killed Grinder
  1401 | D:6      | Gained mutation: You have a somewhat thin skeletal structure (Dex +2, Stealth). [mutagenic meat]
  1402 | D:6      | Gained mutation: You passively map a small area around you. [mutagenic meat]
  1404 | D:6      | Gained mutation: You are robust (+10% HP). [mutagenic meat]
  1619 | D:8      | Learned a level 2 spell: Blink
  1683 | D:10     | Entered Level 10 of the Dungeon
  1686 | D:10     | Acquired Cheibriados's second power
  1767 | D:9      | Found an ancient bone altar of Kikubaaqudgha.
  1790 | D:9      | Noticed a komodo dragon
  1794 | D:9      | Reached skill level 5 in Fighting
  1807 | D:9      | Killed a komodo dragon
  1807 | D:9      | Reached skill level 8 in Unarmed Combat
  1856 | D:9      | Reached skill level 5 in Dodging
  1870 | D:9      | Found a staircase to the Lair.
  1978 | D:9      | Reached XP level 10. HP: 100/105 MP: 13/13
  2032 | D:9      | Acquired Cheibriados's third power
  2045 | D:9      | XOM: harmless Tloc miscast
  2111 | D:9      | Found a white marble altar of Elyvilon.
  2113 | D:9      | Found a bloodstained altar of Trog.
  2119 | D:9      | XOM: silly message
  2185 | D:10     | Noticed a hill giant
  2187 | D:10     | XOM: noise
  2200 | D:10     | Killed a hill giant
  2200 | D:10     | Reached skill level 5 in Translocations
  2308 | D:10     | Noticed Ajdolov's ghost (powerful NaWz)
  2391 | D:11     | XOM: noise
  2403 | D:11     | Noticed an ice devil
  2408 | D:11     | Noticed an ice devil
  2430 | D:11     | Noticed a sixfirhy
  2435 | D:10     | Reached skill level 9 in Unarmed Combat
  2483 | D:11     | Noticed Maurice
  2489 | D:11     | Noticed a hill giant
  2495 | D:11     | Killed a hill giant
  2495 | D:11     | Acquired Cheibriados's fourth power
  2496 | D:11     | Killed Maurice
  2496 | D:11     | Reached skill level 5 in Invocations
  2519 | D:11     | Found a roughly hewn altar of Beogh.
  2666 | D:11     | Reached XP level 11. HP: 83/115 MP: 15/15
  2681 | D:11     | Noticed an obsidian statue
  2688 | D:11     | XOM: confusion
  2691 | D:11     | Noticed a soul eater
  2691 | D:11     | Noticed a sun demon
  2761 | D:11     | Found a staircase to the Orcish Mines.
  2954 | D:12     | Found Gygycil's Antique Weapon Emporium.
  2981 | D:12     | Found Mocecupa's General Store.
  2989 | D:12     | Bought a +2 cloak of poison resistance for 240 gold pieces
  2989 | D:12     | Bought a scroll of magic mapping for 45 gold pieces
  3007 | D:12     | Found Kito's Weapon Boutique.
  3051 | D:12     | XOM: noise
  3121 | D:12     | XOM: confuse monster(s)
  3225 | D:12     | Noticed a hill giant
  3233 | D:12     | Killed a hill giant
  3233 | D:12     | Reached skill level 10 in Unarmed Combat
  3406 | D:13     | Learned a level 6 spell: Statue Form
  3409 | D:13     | Learned a level 2 spell: Stoneskin
  3422 | D:13     | Noticed a tengu warrior
  3432 | D:13     | Killed a tengu warrior
  3459 | D:15     | Entered Level 15 of the Dungeon
  3463 | D:15     | Noticed an unseen horror
  3473 | D:15     | Killed an unseen horror
  3473 | D:15     | Reached skill level 1 in Earth Magic
  3485 | D:15     | Reached skill level 1 in Transmutations
  3566 | D:15     | Noticed a centaur warrior
  3605 | D:14     | Noticed Rupert
  3609 | D:14     | Paralysed by Rupert for 6 turns
  3626 | D:14     | Noticed an unseen horror
  3632 | D:14     | Killed an unseen horror
  3660 | D:14     | Noticed a six-headed hydra
  3674 | D:14     | Noticed an unseen horror
  3675 | D:14     | Noticed a hill giant
  3688 | D:14     | Killed an unseen horror
  3688 | D:14     | Reached skill level 1 in Shields
  3694 | D:14     | Noticed a centaur warrior
  3695 | D:14     | Killed a hill giant
  3702 | D:14     | Killed a centaur warrior
  3738 | D:14     | Noticed a centaur warrior
  3753 | D:14     | Killed a centaur warrior
  3753 | D:14     | Reached XP level 12. HP: 92/126 MP: 12/16
  3754 | D:14     | XOM: blink monster(s)
  3755 | D:14     | Found a blossoming altar of Fedhas.
  3831 | D:14     | Reached skill level 11 in Unarmed Combat
  3842 | D:14     | Noticed a four-headed hydra
  3992 | Orc:1    | Entered Level 1 of the Orcish Mines
  4124 | Orc:2    | Found Fion's Gadget Shoppe.
  4141 | Orc:2    | Noticed an orc warlord
  4309 | Orc:2    | XOM: give mutations
  4309 | Orc:2    | Gained mutation: Your body sometimes deteriorates upon taking damage. [Xom's mischief]
  4309 | Orc:2    | Lost mutation: You are robust (+10% HP). [Xom's mischief]
  4309 | Orc:2    | Gained mutation: Your body often deteriorates upon taking damage. [Xom's mischief]
  4472 | Orc:2    | Killed an orc warlord
  4561 | Orc:4    | Entered Level 4 of the Orcish Mines
  4702 | Orc:4    | Noticed Maud
  4752 | Orc:4    | Killed Maud
  4789 | Orc:4    | Noticed 4thArraOfDagon's ghost (powerful DDBe)
  4802 | Orc:4    | Killed 4thArraOfDagon's ghost
  4804 | Orc:4    | Found a staircase to the Elven Halls.
  5177 | Orc:4    | Reached skill level 5 in Earth Magic
  5226 | Orc:4    | XOM: mild Necr miscast
  5500 | Orc:4    | Demolished by an orc knight

Vault maps used:
D:1:      enne_arrival_octagon_isle
D:2:      ecumenical_altar_2
D:4:      gammafunk_temple_overflow_wave, minmay_temple_entry_junction2,
          serial_shops, nicolae_shop_window_shopping, uniq_robin
D:5:      kennysheep_mini, serial_shops, shop, first_bread, kennysheep_boxes
D:6:      uniq_grinder, uniq_edmund
D:9:      grunt_temple_overflow_diamond, kennysheep_little_box,
          dpeg_lair_monsters, hangedman_tell_no_tales
D:11:     orc_0_dummy, minmay_statue_bubble, uniq_maurice
D:12:     serial_shops, shop, shop_statue, shop
D:14:     david_vaults_1, serial_corexii_hall, corexii_hall_statues_t,
          corexii_hall_statues_s, fedhas_altar_2, uniq_rupert, uniq_kirke
D:15:     gammafunk_enter_depths_forms, serial_shops, shop_statue, basic_altar,
          minmay_misc_feat_alley
Temple:   temple_eino_lava_12
Orc:2:    serial_shops, shop, mines2_david
Orc:3:    nicolae_orc_pool_cavern
Orc:4:    st_orc_pillars, uniq_maud

Action                   |  1- 3 |  4- 6 |  7- 9 | 10-12 || total
-------------------------+-------+-------+-------+-------++-------
Melee: Unarmed           |    48 |    83 |   280 |   707 ||  1118
Throw: Large rock        |       |       |       |    10 ||    10
 Cast: Passage of Golubr |       |       |     1 |       ||     1
Invok: Slouch            |       |       |       |     6 ||     6
       Temporal Distorti |       |       |       |    11 ||    11
Evoke: Wand              |       |       |       |     7 ||     7
  Use: Potion            |     1 |       |       |     3 ||     4
       Scroll            |       |       |     7 |     7 ||    14
 Stab: Sleeping          |       |       |     1 |     3 ||     4
       Confused          |       |       |       |     1 ||     1
       Distracted        |       |       |       |     1 ||     1
  Eat: Chunk             |     3 |     3 |    16 |    31 ||    53
       Fruit             |       |     3 |       |       ||     3
